NYP
TRI-CITY VALLEYCATS @ MAHONING VALLEY SCRAPPERS
04/04/2044
 
TOP OF THE 1ST
Tri-City ValleyCats batting - Pitching for Mahoning Valley Scrappers : RHP Marcus Cox
Pitching: RHP Marcus Cox
Batting: RHB Ben Hoffman 0-0: Ball
1-0: Ground out 6-3 (Groundball, 56, EV 107.5 MPH)
Batting: RHB Bruce Bermudez 0-0: Called Strike
0-1: Called Strike
0-2: DOUBLE (Groundball, 5L, EV 103.1 MPH)
Batting: RHB Justin Olmstead 0-0: Ball
1-0: Fly out, F9 (Flyball, 9LS, EV 78.8 MPH)
Batting: RHB Ryan Salas 0-0: Ball
1-0: Ground out 5-3 (Groundball, 5S, EV 68.8 MPH)
Top of the 1st over - 0 runs, 1 hit, 0 errors, 1 left on base; Tri-City 0 - Mahoning Valley 0
BOTTOM OF THE 1ST
Mahoning Valley Scrappers batting - Pitching for Tri-City ValleyCats : RHP San-pao Kao
Pitching: RHP San-pao Kao
Batting: LHB John Harring 0-0: Ball
1-0: Foul Ball, location: 2F
1-1: Ground out 1-3 (Groundball, 34S, EV 71.2 MPH)
Batting: RHB Juan Padilla 0-0: Called Strike
0-1: Ball
1-1: Foul Ball, location: 2F
1-2: SINGLE (Groundball, 56S, EV 75.0 MPH) (infield hit)
Batting: RHB Ryan Gautney 0-0: Called Strike
Juan Padilla steals 2nd base
0-1: Ball
1-1: Ball
2-1: Foul Ball, location: 2F
2-2: Ground out 6-3 (Groundball, 6, EV 90.6 MPH)
Juan Padilla to third
Batting: SHB Joe Zeiset 0-0: Called Strike
0-1: Foul Ball, location: 2F
0-2: Ball
1-2: Fly out, F7 (Flyball, 7LM, EV 95.0 MPH)
Bottom of the 1st over - 0 runs, 1 hit, 0 errors, 1 left on base; Tri-City 0 - Mahoning Valley 0
TOP OF THE 2ND
Tri-City ValleyCats batting - Pitching for Mahoning Valley Scrappers : RHP Marcus Cox
Batting: RHB Jason Monico 0-0: Ball
1-0: Swinging Strike
1-1: Called Strike
1-2: Strikes out swinging
Batting: RHB Ramon Castellon 0-0: Ball
1-0: DOUBLE (Flyball, 89D, EV 106.2 MPH) - OUT at third base trying to stretch hit.
Batting: LHB Josh Birkner 0-0: Ball
1-0: Ball
2-0: Called Strike
2-1: Swinging Strike
2-2: Foul Ball, location: 2F
2-2: Ball
3-2: Strikes out swinging
Top of the 2nd over - 0 runs, 1 hit, 0 errors, 0 left on base; Tri-City 0 - Mahoning Valley 0
BOTTOM OF THE 2ND
Mahoning Valley Scrappers batting - Pitching for Tri-City ValleyCats : RHP San-pao Kao
Batting: LHB Devon Grant 0-0: SINGLE (Groundball, 25, EV 70.6 MPH) (infield hit)
Batting: RHB Andy Lewis 0-0: Called Strike
0-1: Ground out 5-3 (Groundball, 56S, EV 68.8 MPH)
Devon Grant to second
Batting: RHB Blake Kelly 0-0: Ball
1-0: Ground out 5-3 (Groundball, 56, EV 81.2 MPH)
Batting: RHB Gashie Chimsima 0-0: Called Strike
0-1: Swinging Strike
0-2: SINGLE (Groundball, 6M, EV 100.0 MPH) (infield hit)
Devon Grant to third
Batting: RHB Jeremy Givens 0-0: Fly out, F3 (Popup, 3SF, EV 71.2 MPH)
Bottom of the 2nd over - 0 runs, 2 hits, 0 errors, 2 left on base; Tri-City 0 - Mahoning Valley 0
TOP OF THE 3RD
Tri-City ValleyCats batting - Pitching for Mahoning Valley Scrappers : RHP Marcus Cox
Batting: RHB Evan Fry 0-0: Ball
1-0: Swinging Strike
1-1: Foul Ball, location: 2F
1-2: Strikes out looking
Batting: RHB Mike Koch 0-0: Reached on error, E6 (Groundball, 6, EV 106.2 MPH)
Batting: RHB Ben Hoffman 0-0: Swinging Strike
0-1: Ball
1-1: Called Strike
1-2: Ball
2-2: Ball
3-2: Strikes out looking
Batting: RHB Bruce Bermudez 0-0: Called Strike
0-1: Ball
1-1: Ball
2-1: Swinging Strike
2-2: Ball
3-2: Foul Ball, location: 2F
3-2: Foul Ball, location: 2F
3-2: Strikes out swinging
Top of the 3rd over - 0 runs, 0 hits, 1 error, 1 left on base; Tri-City 0 - Mahoning Valley 0
BOTTOM OF THE 3RD
Mahoning Valley Scrappers batting - Pitching for Tri-City ValleyCats : RHP San-pao Kao
Batting: LHB John Harring 0-0: Fly out, F5 (Line Drive, 5, EV 71.2 MPH)
Batting: RHB Juan Padilla 0-0: Ball
1-0: Foul Ball, location: 2F
1-1: Ground out 4-3 (Groundball, 4, EV 84.4 MPH)
Batting: RHB Ryan Gautney 0-0: SINGLE (Groundball, 5D, EV 100.0 MPH)
Batting: SHB Joe Zeiset 0-0: Ball
1-0: Called Strike
1-1: Ball
Balk!
Ryan Gautney to second
2-1: Swinging Strike
2-2: TRIPLE (Flyball, 8LXD, EV 108.8 MPH)
Ryan Gautney scores
Batting: LHB Devon Grant 0-0: Called Strike
0-1: SINGLE (Groundball, 6MD, EV 101.2 MPH)
Joe Zeiset scores
Batting: RHB Andy Lewis 0-0: Ball
Wild Pitch!
Devon Grant to second
1-0: Called Strike
1-1: Ground out 3-1 (Groundball, 13, EV 86.2 MPH)
Bottom of the 3rd over - 2 runs, 3 hits, 0 errors, 1 left on base; Tri-City 0 - Mahoning Valley 2
TOP OF THE 4TH
Tri-City ValleyCats batting - Pitching for Mahoning Valley Scrappers : RHP Marcus Cox
Batting: RHB Justin Olmstead 0-0: Called Strike
0-1: Fly out, F9 (Flyball, 9, EV 86.2 MPH)
Batting: RHB Ryan Salas 0-0: Fly out, F7 (Flyball, 78D, EV 93.8 MPH)
Batting: RHB Jason Monico 0-0: SINGLE (Groundball, 34D, EV 99.4 MPH)
Pitching: RHP Jeff Degel
Batting: RHB Ramon Castellon 0-0: Ball
Jason Monico steals 2nd base (no throw)
1-0: Called Strike
1-1: Called Strike
1-2: Fly out, F6 (Popup, 6MD, EV 55.6 MPH)
Top of the 4th over - 0 runs, 1 hit, 0 errors, 1 left on base; Tri-City 0 - Mahoning Valley 2
BOTTOM OF THE 4TH
Mahoning Valley Scrappers batting - Pitching for Tri-City ValleyCats : RHP San-pao Kao
Batting: RHB Blake Kelly 0-0: Ball
1-0: Ball
2-0: Swinging Strike
2-1: Ball
3-1: Base on Balls
Batting: RHB Gashie Chimsima 0-0: Ball
1-0: Swinging Strike
1-1: TRIPLE (Flyball, 9LD, EV 100.0 MPH)
Blake Kelly scores
Batting: RHB Jeremy Givens 0-0: Called Strike
0-1: Fly out, F6 (Popup, 6S, EV 79.4 MPH)
Batting: LHB John Harring Balk!
Gashie Chimsima scores
0-0: SINGLE (Groundball, 34S, EV 65.0 MPH) (infield hit)
Batting: RHB Juan Padilla 0-0: Called Strike
John Harring steals 2nd base
0-1: Called Strike
0-2: Ball
1-2: Ground out 4-3 (Groundball, 4, EV 83.8 MPH)
John Harring to third
Batting: RHB Ryan Gautney 0-0: Ball
1-0: Ball
2-0: Ball
3-0: Base on Balls
Batting: SHB Joe Zeiset 0-0: Ball
1-0: Called Strike
1-1: Swinging Strike
1-2: Ball
2-2: Foul Ball, location: 2F
2-2: Strikes out swinging
Bottom of the 4th over - 2 runs, 2 hits, 0 errors, 2 left on base; Tri-City 0 - Mahoning Valley 4
TOP OF THE 5TH
Tri-City ValleyCats batting - Pitching for Mahoning Valley Scrappers : RHP Jeff Degel
Batting: LHB Josh Birkner 0-0: Foul Ball, location: 2F
0-1: Ground out 4-3 (Groundball, 34S, EV 94.4 MPH)
Batting: RHB Evan Fry 0-0: Ball
1-0: Ball
2-0: Ball
3-0: Called Strike
3-1: Called Strike
3-2: Foul Ball, location: 2F
3-2: TRIPLE (Line Drive, 9LD, EV 109.4 MPH)
Batting: RHB Mike Koch 0-0: Ball
1-0: Ball
2-0: Ball
3-0: Base on Balls
Batting: RHB Ben Hoffman 0-0: Foul Ball, location: 2F
0-1: Ball
1-1: Foul Ball, location: 2F
1-2: Ball
2-2: Ball
3-2: Fly out, F9 (Flyball, 89M, EV 90.6 MPH)
Runner from 3rd tags up, SCORES, no throw by RF
Batting: RHB Bruce Bermudez 0-0: Foul Ball, location: 2F
0-1: Swinging Strike
0-2: Foul Ball, location: 2F
0-2: Ball
1-2: Fly out, F8 (Line Drive, 8LD, EV 96.9 MPH)
Top of the 5th over - 1 run, 1 hit, 0 errors, 1 left on base; Tri-City 1 - Mahoning Valley 4
BOTTOM OF THE 5TH
Mahoning Valley Scrappers batting - Pitching for Tri-City ValleyCats : RHP San-pao Kao
Pitching: RHP Jorge Gutierrez
Batting: LHB Devon Grant 0-0: Ball
1-0: Fly out, F8 (Line Drive, 8RD, EV 108.8 MPH)
Batting: RHB Andy Lewis 0-0: Ball
1-0: Foul Ball, location: 2F
1-1: Called Strike
1-2: Reached via error on a dropped throw from 2B, E3 (Groundball, 4, EV 88.8 MPH)
Batting: RHB Blake Kelly 0-0: Called Strike
Andy Lewis steals 2nd base
0-1: Ground out 4-3 (Groundball, 4, EV 78.8 MPH)
Andy Lewis to third
Batting: RHB Gashie Chimsima 0-0: Called Strike
0-1: Foul Ball, location: 2F
Balk!
Andy Lewis scores
0-2: Ball
1-2: SINGLE (Groundball, 34S, EV 90.0 MPH) (infield hit)
Batting: RHB Jeremy Givens 0-0: Ball
Gashie Chimsima steals 2nd base
1-0: Ball
2-0: Called Strike
2-1: Foul Ball, location: 2F
2-2: SINGLE (Groundball, 56D, EV 96.9 MPH)
Gashie Chimsima to third
Runner from 3rd tries for Home, SAFE, throw by LF to home
Jeremy Givens to second
Batting: LHB John Harring 0-0: Foul Ball, location: 2F
0-1: Ball
1-1: Fly out, F6 (Flyball, 56D, EV 94.4 MPH)
Bottom of the 5th over - 2 runs, 2 hits, 1 error, 1 left on base; Tri-City 1 - Mahoning Valley 6
TOP OF THE 6TH
Tri-City ValleyCats batting - Pitching for Mahoning Valley Scrappers : RHP Jeff Degel
Batting: RHB Justin Olmstead 0-0: Ball
1-0: Called Strike
1-1: Ground out 5-3 (Groundball, 56, EV 103.1 MPH)
Batting: RHB Ryan Salas 0-0: Ball
1-0: Foul Ball, location: 2F
1-1: Called Strike
1-2: Fly out, F9 (Flyball, 89S, EV 89.4 MPH)
Batting: RHB Jason Monico 0-0: Called Strike
0-1: Swinging Strike
0-2: Hit by Pitch
Pinch Runner at 1st Chris Miller:
Batting: RHB Ramon Castellon 0-0: Called Strike
0-1: Ball
1-1: SINGLE (Line Drive, 34D, EV 104.4 MPH)
Chris Miller to second
Batting: LHB Josh Birkner 0-0: Swinging Strike
0-1: Ball
1-1: Foul Ball, location: 2F
1-2: Strikes out swinging
Top of the 6th over - 0 runs, 1 hit, 0 errors, 2 left on base; Tri-City 1 - Mahoning Valley 6
BOTTOM OF THE 6TH
Mahoning Valley Scrappers batting - Pitching for Tri-City ValleyCats : RHP Jorge Gutierrez
Now at 2B: Chris Miller
Batting: RHB Juan Padilla 0-0: Swinging Strike
0-1: SINGLE (Groundball, 4D, EV 95.0 MPH)
Batting: RHB Ryan Gautney Pickoff Throw to First - Error! E1
Juan Padilla to second
0-0: Ball
Wild Pitch!
Juan Padilla to third
1-0: Ball
2-0: Ball
3-0: Base on Balls
Batting: SHB Joe Zeiset 0-0: Ball
1-0: Ball
2-0: Foul Ball, location: 2F
2-1: Ball
Wild Pitch!
Juan Padilla scores
Ryan Gautney to second
3-1: Called Strike
3-2: Foul Ball, location: 2F
3-2: Base on Balls
Batting: LHB Devon Grant 0-0: Fielders Choice at 2nd, 1-4 (Groundball, 15S, EV 69.4 MPH)
Ryan Gautney to third
Batting: RHB Andy Lewis 0-0: Called Strike
0-1: Called Strike
0-2: Ball
Devon Grant steals 2nd, throwing error, E2
Ryan Gautney scores
Devon Grant to third
1-2: SINGLE (Line Drive, 9S, EV 96.9 MPH)
Devon Grant scores
Batting: RHB Blake Kelly 0-0: Called Strike
Andy Lewis steals 2nd base
0-1: Ball
1-1: Reached on error, E5 (Groundball, 56, EV 103.1 MPH)
Andy Lewis to third
Batting: RHB Gashie Chimsima 0-0: Ball
1-0: Ball
2-0: Called Strike
Balk!
Andy Lewis scores
Blake Kelly to second
2-1: Ground out 4-3 (Groundball, 4, EV 78.8 MPH)
Blake Kelly to third
Batting: RHB Jeremy Givens 0-0: Ball
1-0: 2-RUN HOME RUN (Flyball, 89XD, EV 111.9 MPH), Distance : 417 ft
Pitching: RHP Ruben Pujols
Batting: LHB John Harring 0-0: Called Strike
0-1: Ball
1-1: Ball
2-1: Called Strike
2-2: Ball
3-2: Strikes out looking
Bottom of the 6th over - 6 runs, 3 hits, 3 errors, 0 left on base; Tri-City 1 - Mahoning Valley 12
TOP OF THE 7TH
Tri-City ValleyCats batting - Pitching for Mahoning Valley Scrappers : RHP Jeff Degel
Batting: RHB Evan Fry 0-0: Called Strike
0-1: Called Strike
0-2: Strikes out looking
Batting: RHB Mike Koch 0-0: Ball
1-0: Foul Ball, location: 2F
1-1: Ball
2-1: Foul Ball, location: 2F
2-2: Strikes out swinging
Batting: RHB Ben Hoffman 0-0: Ball
1-0: Ground out 4-3 (Groundball, 4, EV 102.5 MPH)
Top of the 7th over - 0 runs, 0 hits, 0 errors, 0 left on base; Tri-City 1 - Mahoning Valley 12
BOTTOM OF THE 7TH
Mahoning Valley Scrappers batting - Pitching for Tri-City ValleyCats : RHP Ruben Pujols
Batting: RHB Juan Padilla 0-0: Ball
1-0: Called Strike
1-1: Ground out 1-3 (Groundball, 13, EV 64.4 MPH)
Batting: RHB Ryan Gautney 0-0: Ground out 3-1 (Groundball, 34, EV 106.9 MPH)
Batting: SHB Joe Zeiset 0-0: Ball
1-0: Ball
2-0: Called Strike
2-1: Fly out, F9 (Flyball, 9S, EV 70.0 MPH)
Bottom of the 7th over - 0 runs, 0 hits, 0 errors, 0 left on base; Tri-City 1 - Mahoning Valley 12
TOP OF THE 8TH
Tri-City ValleyCats batting - Pitching for Mahoning Valley Scrappers : RHP Jeff Degel
Batting: RHB Bruce Bermudez 0-0: Called Strike
0-1: Foul Ball, location: 2F
0-2: Foul Ball, location: 2F
0-2: Ball
1-2: Foul Ball, location: 2F
1-2: Ball
2-2: Foul Ball, location: 2F
2-2: Strikes out looking
Batting: RHB Justin Olmstead 0-0: Ball
1-0: Ball
2-0: Called Strike
2-1: Foul Ball, location: 2F
2-2: Strikes out swinging
Batting: RHB Ryan Salas 0-0: Fly out, F6 (Popup, 4M, EV 47.5 MPH)
Top of the 8th over - 0 runs, 0 hits, 0 errors, 0 left on base; Tri-City 1 - Mahoning Valley 12
BOTTOM OF THE 8TH
Mahoning Valley Scrappers batting - Pitching for Tri-City ValleyCats : RHP Ruben Pujols
Pinch Hitting: RHB Ricky Cordova 0-0: Ball
1-0: SINGLE (Groundball, 13, EV 68.8 MPH) (infield hit)
Batting: RHB Andy Lewis 0-0: Called Strike
0-1: Foul Ball, location: 2F
0-2: Fielders Choice at 2nd, 4-6 (Groundball, 34, EV 99.4 MPH)
Batting: RHB Blake Kelly 0-0: Foul Ball, location: 2F
0-1: Ball
Wild Pitch!
Andy Lewis to second
Balk!
Andy Lewis to third
1-1: Ball
2-1: Fly out, F8 (Line Drive, 8LD, EV 91.9 MPH)
Runner from 3rd tags up, OUT at HOME! 8-2
Bottom of the 8th over - 0 runs, 1 hit, 0 errors, 0 left on base; Tri-City 1 - Mahoning Valley 12
TOP OF THE 9TH
Tri-City ValleyCats batting - Pitching for Mahoning Valley Scrappers : RHP Jeff Degel
Now in LF: Ricky Cordova
Now in CF: Andy Lewis
Batting: RHB Chris Miller 0-0: Called Strike
0-1: Foul Ball, location: 2F
0-2: Ball
1-2: Strikes out looking
Pitching: RHP Mario del Rio
Batting: RHB Ramon Castellon 0-0: Ball
1-0: Ball
2-0: Ball
3-0: Base on Balls
Batting: LHB Josh Birkner 0-0: Ball
1-0: Called Strike
1-1: Ball
2-1: Fly out, F9 (Line Drive, 9, EV 110.0 MPH)
Batting: RHB Evan Fry 0-0: Called Strike
0-1: Ball
1-1: Ground out 4-3 (Groundball, 4, EV 105.6 MPH)
Top of the 9th over - 0 runs, 0 hits, 0 errors, 1 left on base; Tri-City 1 - Mahoning Valley 12
Thursday, March 31st , 2022 - OOTP Baseball 22.12 Build 89